 Dungeon Crawl Stone Soup version 0.18.1-48-g4cf74bf (webtiles) character file.

1325 Freyj the Covered (level 8, -1/71 HPs)
             Began as a Minotaur Fighter on Aug 15, 2016.
             Was an Initiate of Trog.
             Slain by an orc warrior
             ... wielding a +1 long sword of draining
              (13 damage)
             ... on level 7 of the Dungeon.
             The game lasted 00:16:07 (5059 turns).

Freyj the Covered (Minotaur Fighter)                Turns: 5059, Time: 00:16:08

Health: -1/71      AC:  9    Str: 22    XL:     8   Next: 34%
Magic:  7/7        EV: 10    Int:  5    God:    Trog [......]
Gold:   354        SH:  7    Dex: 11    Spells: 0 memorised, 7 levels left

rFire  . . .     SeeInvis .     G - +0 long sword
rCold  . . .     Gourm    .     c - +2 scale mail {rN+}
rNeg   + . .     Faith    .     b - +2 buckler
rPois  .         Spirit   .     (helmet restricted)
rElec  .         Dismiss  .     (no cloak)
rCorr  +         Reflect  .     (no gloves)
SustAt .         Harm     .     (no boots)
MR     .....                    (no amulet)
Stlth  ..........               (no ring)
                                y - ring of resist corrosion

@: drained, not resistant to hostile enchantments, extremely unstealthy
A: retaliatory headbutt, horns 2
a: Burn Spellbooks, Renounce Religion


You were on level 7 of the Dungeon.
You worshipped Trog.
Trog was noncommittal.
You were not hungry.

You visited 2 branches of the dungeon, and saw 8 of its levels.

You collected 354 gold pieces.

Inventory:

Hand Weapons
 z - a +2 short sword of venom
 G - a +0 long sword (weapon)
Armour
 b - a +2 buckler (worn)
 c - a +2 scale mail of positive energy (worn)
 n - a +0 plate armour
Jewellery
 y - a ring of resist corrosion (left hand)
 A - an uncursed amulet of faith
Scrolls
 a - a scroll of enchant weapon {unknown}
 e - a scroll of recharging
 l - 3 scrolls of magic mapping
 m - a scroll of fear {unknown}
 p - 2 scrolls of remove curse
 r - 2 scrolls of amnesia
 w - 3 scrolls of teleportation
 F - a scroll of noise {unknown}
Potions
 d - 2 potions of might
 g - 2 potions of degeneration {unknown}
 h - a potion of invisibility {unknown}
 i - 2 potions of brilliance
 k - 4 potions of curing
 o - 2 potions of agility
 q - a potion of mutation {unknown}
 s - 2 potions of lignification {unknown}
 t - a potion of heal wounds {unknown}
 u - a potion of flight {unknown}
 x - a potion of magic {unknown}
 C - 2 potions of haste
 D - a potion of beneficial mutation {unknown}
Comestibles
 f - 3 bread rations
 j - 4 meat rations
 v - 4 fruits


   Skills:
 + Level 6.6(5.7) Fighting
 + Level 0.4(2.4) Short Blades
 + Level 5.9(5.0) Long Blades
 + Level 7.3(6.3) Armour
 + Level 2.2(1.4) Dodging
 + Level 0.6(0.0) Stealth
 + Level 7.0(6.0) Shields


You had 7 spell levels left.
You didn't know any spells.

Dungeon Overview and Level Annotations

Branches:
Dungeon (7/15)             Temple (1/1) D:6

Altars:
Ashenzari
Cheibriados
Dithmenos
Elyvilon
Kikubaaqudgha
Makhleb
Nemelex Xobeh
Okawaru
Pakellas
Ru
Sif Muna
Trog
Xom
Zin

Shops:
D:5 (


Innate Abilities, Weirdness & Mutations

You reflexively headbutt those who attack you in melee.
You have a pair of horns on your head.


Message History

The orc priest hits you with a falchion of holy wrath.
* * * LOW HITPOINT WARNING * * *
The orc warrior hits you but does no damage.
You partially resist.
You feel drained.
You hit the orc warrior but do no damage.
Your headbutt misses the orc warrior.
The orc warrior is lightly wounded.
The orc priest miscasts a cantrip.
You block the orc warrior's attack.
You closely miss the orc warrior.
The orc warrior is lightly wounded.
The orc priest invokes the aid of Beogh against you.
Beogh smites you!
* * * LOW HITPOINT WARNING * * *
You block the orc warrior's attack.
You feel better.
The orc priest hits you with a falchion of holy wrath.
* * * LOW HITPOINT WARNING * * *
The orc warrior hits you with a long sword of draining!
You die...

......# ... ......#
..... ......# #.....
..... #..... ....
#.... #### ..# ..#
##..####o/# ..#
#......@o.# ..#
#.........# ..#
#.........+ ..#####
#...###...#
......####...#######
.......[.......#
.##............#
..#...(........#
..#.####...#######


You could see an orc warrior and an orc priest.

Vanquished Creatures
  The ghost of UnlimitedFusion the Covert, a novice OpAs (D:5)
  Grinder (D:3)
  An ice beast (D:5)
  A giant frog (D:6)
  A scorpion (D:5)
  A howler monkey (D:6)
  A giant frog zombie (D:3)
  A hound (D:5)
  A centaur skeleton (D:5)
  A centaur zombie (D:5)
  A giant frog skeleton (D:6)
  3 orc priests
  A jelly (D:5)
  6 orc wizards
  An iguana (D:4)
  6 adders
  An ooze (D:1)
  2 adder skeletons
  3 worms
  4 dart slugs
  5 giant geckos
  21 orcs
  6 bats
  A giant cockroach (D:5)
  7 hobgoblins
  3 jackals (D:1)
  2 kobolds (D:1)
  6 quokkas
  5 giant newts
  7 goblins
  A quokka skeleton (D:6)
  5 rats
107 creatures vanquished.

Notes
Turn   | Place    | Note
--------------------------------------------------------------
     0 | D:1      | Freyj the Minotaur Fighter began the quest for the Orb.
     0 | D:1      | Reached XP level 1. HP: 19/19 MP: 0/0
    91 | D:1      | Reached XP level 2. HP: 23/27 MP: 1/1
   363 | D:1      | Reached XP level 3. HP: 25/33 MP: 2/2
  1059 | D:2      | Found a snail-covered altar of Cheibriados.
  1213 | D:2      | Found a sparkling altar of Nemelex Xobeh.
  1452 | D:2      | Reached XP level 4. HP: 39/40 MP: 3/3
  1535 | D:3      | Reached skill level 1 in Dodging
  1535 | D:3      | Reached XP level 5. HP: 42/47 MP: 4/4
  1619 | D:3      | Noticed Grinder
  1639 | D:3      | Killed Grinder
  1639 | D:3      | Reached skill level 5 in Fighting
  1639 | D:3      | Reached skill level 5 in Armour
  1639 | D:3      | Reached skill level 5 in Shields
  1639 | D:3      | Reached XP level 6. HP: 32/56 MP: 5/5
  3073 | D:5      | Entered Level 5 of the Dungeon
  3099 | D:5      | Found Faig's Weapon Shop.
  3101 | D:5      | Reached XP level 7. HP: 47/61 MP: 6/6
  3259 | D:5      | Noticed UnlimitedFusion's ghost (novice OpAs)
  3278 | D:5      | Killed UnlimitedFusion's ghost
  3278 | D:5      | Reached skill level 5 in Long Blades
  3659 | D:5      | Reached XP level 8. HP: 24/70 MP: 7/7
  4223 | D:6      | Found a white marble altar of Elyvilon.
  4224 | D:6      | Found a sparkling altar of Nemelex Xobeh.
  4225 | D:6      | Found a sacrificial altar of Ru.
  4530 | D:6      | Found an oddly glowing altar of Pakellas.
  4550 | D:6      | Found a staircase to the Ecumenical Temple.
  4710 | Temple   | Entered the Ecumenical Temple
  4746 | Temple   | Became a worshipper of Trog the Wrathful
  4973 | D:7      | Found a shattered altar of Ashenzari.
  5059 | D:7      | Slain by an orc warrior

Skill      XL: |  1  2  3  4  5  6  7  8 |
---------------+-------------------------+-----
Shields        | 4 5 6 7 |  7.0
Armour         | 4 5 7 |  7.3
Fighting       | 4 5 6 |  6.6
Long Blades    | 3 4 5 |  5.9
Dodging        | 1 2 |  2.2
Short Blades   | |  0.4
Stealth        | |  0.6

Action                   |  1- 3 |  4- 6 |  7- 9 || total
-------------------------+-------+-------+-------++-------
Melee: Long sword        |   107 |   115 |   107 ||   329
       Headbutt          |    16 |    27 |    19 ||    62
       Short sword       |       |       |    19 ||    19
  Use: Scroll            |     2 |     2 |     5 ||     9
       Potion            |       |       |     3 ||     3
  Eat: Chunk             |     2 |     1 |     5 ||     8
       Bread ration      |       |     1 |     1 ||     2
Armor: Scale mail        |    40 |       |     8 ||    48
       Plate armour      |    21 |    71 |    57 ||   149
Dodge: Dodged            |    28 |    23 |    31 ||    82
Block: Shield            |    63 |    63 |    59 ||   185
       Buckler           |       |       |    14 ||    14
